cohdb
Replays
Latest Replays
All Replays
Popular Replays
Top Player Replays
Match Explorer
How It Works
Community
CoH3 Stats
Reddit
Sign in to upload your games and track your stats! →
Sign in with Steam
Match 44220115
Unlisted
Match 44220115
Overview
Messages
Build Orders
End
Construct Weapon Support Center
Selects Special Operations Battlegroup
Selects M29 Weasel Recon Vehicle
M1919 Machine Gun Team
M29 Weasel Recon Vehicle
M1919 Machine Gun Team
Bazooka Squad
Construct Medical Station
Infantry Support Center
Bazooka Squad
hjj7865
Latrinenzombie
Danihell
Racbear
Invincible_Reason
Valar[M]orgHulis
Seniors_Zertul
neil911
0
0
Comments
sign in to comment!
No comments posted yet!